Map: Ulrena

Players

Burt - Winner!

  • Race: Terran Terran
  • League: Platinum

SodaGremlin

  • Race: Protoss Protoss
  • League: Platinum

VOD

Have the link to the VOD?

Description

Time

  • Played on: Dec. 31, 2015, 1:56 a.m.
  • Length: 8:52
Show
View Real Time Build Order
Export as new Build Order

Burt Terran - Winner!

Build Orders: Reaper Expand 

Get SALT Encoding   

  12  0:01  SCV  
  13  0:13  SCV  
  14  0:18  Supply Depot  
  14  0:25  SCV  
  15  0:39  SCV  
  15  0:40  Barracks  
  16  0:45  Refinery  
  16  0:51  SCV  
  17  1:03  SCV  
  18  1:15  SCV  
  19  1:27  Reaper  
  19  1:28  Orbital Command  
  20  1:43  Command Center  
  20  1:53  Supply Depot  
  20  1:56  Refinery  
  20  1:58  SCV  
  21  2:09  Barracks Reactor  
  21  2:10  SCV  
  22  2:22  SCV  
  23  2:41  SCV  
  24  2:49  Factory  
  24  2:53  Marine x2  
  26  3:06  SCV  
  26  3:09  Bunker  
  26  3:12  Orbital Command  
  27  3:16  Marine x2  
  27  3:18  SCV  
  30  3:29  Engineering Bay  
  30  3:30  SCV  
  30  3:31  Ghost Academy  
  31  3:35  Barracks  
  31  3:36  Factory Tech Lab, Starport  
  31  3:37  Marine  
  32  3:43  SCV  
  32  3:44  SCV  
  34  3:55  SCV  
  34  3:56  SCV, Cyclone  
  34  4:02  Terran Infantry Weapons Level 1  
  39  4:04  Liberator  
  39  4:06  Missile Turret  
  39  4:12  Missile Turret  
  39  4:13  SCV  
  39  4:14  SCV  
  44  4:37  Barracks Tech Lab  
  44  4:41  Refinery  
  44  4:45  SCV, Supply Depot  
  45  4:46  SCV, Refinery  
  45  4:48  Supply Depot  
  46  4:55  Stimpack  
  46  5:06  Ghost  
  46  5:07  SCV, Supply Depot, Marine  
  46  5:08  Supply Depot  
  48  5:35  SCV x2  
  50  5:39  Siege Tank  
  50  5:40  Medivac  
  50  5:41  Marine x3  
  58  5:47  SCV x2  
  58  5:48  Command Center  
  60  5:59  SCV x2, Marine x2  
  60  6:01  Terran Infantry Armor Level 1  
  67  6:11  SCV, Hellion  
  67  6:12  Ghost  
  67  6:17  Marine  
  70  6:25  Supply Depot  
  70  6:26  Marine  
  70  6:28  Supply Depot  
  70  6:30  Liberator  
  71  6:34  SCV x2  
  71  6:36  Siege Tank  
  76  6:43  Supply Depot  
  76  6:46  SCV  
  77  6:49  Marine x3  
  83  7:07  Marine x3  
  86  7:12  SCV  
  86  7:13  SCV  
  88  7:24  Siege Tank  
  88  7:25  SCV x2, Marine x3  
  96  7:42  Marine  
  76  8:13  Marine x2  
  76  8:14  Marine  
  64  8:31  Marine  
Show
View Real Time Build Order
Export as new Build Order

SodaGremlin Protoss 

Build Orders: 1 Gate Expand 

Get SALT Encoding   

  12  0:01  Probe (Chrono Boost)  
  13  0:12  Probe (Chrono Boost)  
  14  0:21  Pylon  
  14  0:22  Probe (Chrono Boost)  
  15  0:39  Probe (Chrono Boost)  
  16  0:43  Gateway  
  16  0:50  Probe (Chrono Boost)  
  16  0:53  Assimilator  
  17  1:16  Probe (Chrono Boost)  
  18  1:19  Nexus  
  18  1:22  Assimilator  
  18  1:26  Probe (Chrono Boost)  
  19  1:34  Cybernetics Core  
  19  1:40  Probe (Chrono Boost)  
  20  1:47  Assimilator  
  20  1:51  Probe (Chrono Boost)  
  20  1:54  Pylon  
  22  2:01  Probe (Chrono Boost)  
  22  2:12  Probe (Chrono Boost)  
  23  2:21  Adept (Chrono Boost)  
  23  2:22  Probe (Chrono Boost)  
  26  2:29  Warp Gate  
  24  2:46  Adept (Chrono Boost)  
  26  3:02  Gateway  
  26  3:03  Gateway  
  26  3:05  Robotics Facility  
  26  3:13  Probe  
  26  3:14  Probe  
  28  3:22  Adept (Chrono Boost)  
  28  3:26  Probe  
  31  3:30  Robotics Facility  
  31  3:33  Probe  
  31  3:41  Pylon  
  32  3:51  Adept (Chrono Boost)  
  32  3:52  Observer  
  32  3:54  Probe  
  32  3:55  Probe  
  37  4:03  Mothership Core  
  37  4:07  Probe  
  40  4:17  Observer  
  40  4:19  Probe  
  42  4:29  Probe  
  43  4:31  Probe  
  43  4:35  Stalker x2  
  43  4:37  Zealot  
  50  4:40  Probe  
  50  4:43  Probe  
  52  4:59  Stalker  
  54  5:06  Pylon  
  54  5:08  Pylon  
  54  5:24  Immortal  
  54  5:40  Zealot  
  54  5:41  Zealot x2  
  60  5:45  Nexus  
  60  5:47  Pylon  
  60  5:59  Forge  
  60  6:03  Pylon  
  60  6:05  Immortal  
  64  6:11  Sentry x2  
  64  6:12  Zealot  
  70  6:38  Photon Cannon  
  70  6:41  Photon Cannon  
  70  6:42  Pylon  
  70  6:43  Probe  
  70  6:45  Probe  
  72  6:48  Assimilator  
  72  6:49  Assimilator  
  72  6:54  Probe  
  72  6:55  Protoss Ground Armor Level 1  
  72  6:57  Probe  
  74  7:02  Sentry  
  74  7:03  Sentry, Zealot  
  80  7:09  Probe  
  81  7:26  Gateway  
  81  7:30  Gateway  
  81  7:31  Gateway  
  81  7:33  Gateway  
  77  7:47  Zealot x3  
  63  7:53  Probe x2  
  63  7:54  Probe  
  60  8:08  Stalker x2  
  48  8:20  Stalker  
  46  8:28  Stalker x3  
  48  8:37  Stalker  
  48  8:38  Stalker  
  42  8:44  Zealot  
Tags
 
Add a new tag
Caveats
  • Supply blocks, unpowered buildings, or Contaminate may cause inaccurate times.
  • Supply counts are checked every 10 seconds.